 Dungeon Crawl Stone Soup version 0.29.1-12-g30fa7ad0bf (webtiles) character file.

Game seed: 16915753739841292186

37 xzight the Shield-Bearer (level 3, -1/35 HPs)
             Began as a Gnoll Fighter on Dec 29, 2022.
             Constricted to death by Robin (3 damage)
             ... on level 2 of the Dungeon.
             The game lasted 00:01:23 (972 turns).

xzight the Shield-Bearer (Gnoll Fighter)             Turns: 972, Time: 00:01:23

Health: -1/35      AC:  7    Str: 15    XL:     3   Next: 39%
Magic:  4/4        EV:  6    Int:  9    God:
Gold:   19         SH:  5    Dex: 11    Spells: 3/3 levels left

rFire   . . .      SeeInvis .   a - +0 trident
rCold   . . .      Faith    .   c - +0 buckler
rNeg    . . .      Spirit   .   b - +0 scale mail
rPois   .          Reflect  .   (no helmet)
rElec   .          Harm     .   (no cloak)
rCorr   .          Rampage  .   (no gloves)
Will    .....                   (no boots)
Stlth   ..........              (no amulet)
HPRegen 0.11/turn               (no ring)
MPRegen 0.09/turn               (no ring)

@: grasped by roots, constricted
A: fangs 1, strong nose, distributed training
a: no special abilities


You were on level 2 of the Dungeon.
You visited 1 branch of the dungeon, and saw 2 of its levels.

You collected 19 gold pieces.


Innate Abilities, Weirdness & Mutations

You have very sharp teeth.
Your uncanny sense of smell can sniff out nearby items.
Your experience applies equally to all skills.


   Skills:
 + Level 6.5 Fighting
 + Level 0.8 Short Blades
 + Level 0.8 Long Blades
 + Level 0.8 Axes
 + Level 0.8 Maces & Flails
 + Level 4.5 Polearms
 + Level 0.8 Staves
 + Level 0.8 Ranged Weapons
 + Level 0.8 Throwing
 + Level 6.5 Armour
 + Level 0.8 Dodging
 + Level 0.8 Stealth
 + Level 6.5 Shields
 + Level 0.8 Unarmed Combat
 + Level 0.8 Spellcasting
 + Level 0.5 Conjurations
 + Level 0.5 Hexes
 + Level 0.5 Summonings
 + Level 0.5 Necromancy
 + Level 0.5 Translocations
 + Level 0.5 Transmutations
 + Level 0.5 Fire Magic
 + Level 0.5 Ice Magic
 + Level 0.5 Air Magic
 + Level 0.5 Earth Magic
 + Level 0.5 Poison Magic
 + Level 1.0 Invocations
 + Level 0.8 Evocations


You had 3 spell levels left.
You didn't know any spells.
Your spell library contained the following spells:

 Spells                   Type           Power      Damage    Failure   Level
 Conjure Flame            Conj/Fire      1%         6-21      98%         3
 Ignite Poison            Fire/Tmut/Pois 1%         N/A       98%         3
 Sticky Flame             Conj/Fire      1%         2d3       100%        4

Inventory:

Hand Weapons
 a - a +0 trident (weapon)
Armour
 b - a +0 scale mail (worn)
 c - a +0 buckler (worn)
Scrolls
 f - a scroll of magic mapping {unknown}
 i - 2 scrolls of identify {unknown}
 k - a scroll of noise {unknown}
 l - a scroll of torment {unknown}
 m - a scroll of poison {unknown}
Potions
 d - 2 potions of might
 e - 2 potions of brilliance {unknown}
 g - a potion of cancellation {unknown}
 h - a potion of attraction {unknown}
 j - a potion of curing {@q1}

Dungeon Overview and Level Annotations

Branches:
Dungeon (2/15)

Altars:

Annotations:
D:2 Robin

∆ ∆ #.
#..########.
..#........ #.#@#
#.###.#g####
.......).)g#
#.###...##g......
#.###...#####.#..
#.............#
######.########
#.# ##.##


You could see Robin.


Message History

You hit Robin. Your bite misses Robin.
Robin is moderately wounded.
Robin zaps a wand.
The roots erupt in riotous growth!
The grasping roots grab you!
Robin is unaffected.
The grasping roots constrict you.
* * * LOW HITPOINT WARNING * * *
You hear a shout!
You puncture Robin!
Robin is severely wounded.
Robin hits you but does no damage. The grasping roots constrict you.
* * * LOW HITPOINT WARNING * * *
You closely miss Robin.
Robin is severely wounded.
Robin hits you but does no damage. The grasping roots constrict you.
* * * LOW HITPOINT WARNING * * *
The grasping roots release their grip on you.
You hit Robin.
Robin is severely wounded.
Robin barely misses you.
You hit Robin.
Robin is almost dead.
Robin zaps a wand.
The roots erupt in riotous growth!
The grasping roots grab you!
Robin is unaffected.
The grasping roots constrict you.
You closely miss Robin.
Robin is almost dead.
Robin hits you with a +0 club.
* * * LOW HITPOINT WARNING * * *
The grasping roots constrict you.
You die...

Skill      XL: |  1  2  3 |
---------------+----------+-----
Invocations    | 1 |  1.0
Fighting       | |  6.5
Short Blades   | |  0.8
Long Blades    | |  0.8
Axes           | |  0.8
Maces & Flails | |  0.8
Polearms       | |  4.5
Staves         | |  0.8
Ranged Weapons | |  0.8
Throwing       | |  0.8
Armour         | |  6.5
Dodging        | |  0.8
Stealth        | |  0.8
Shields        | |  6.5
Unarmed Combat | |  0.8
Spellcasting   | |  0.8
Conjurations   | |  0.5
Hexes          | |  0.5
Summonings     | |  0.5
Necromancy     | |  0.5
Translocations | |  0.5
Transmutations | |  0.5
Fire Magic     | |  0.5
Ice Magic      | |  0.5
Air Magic      | |  0.5
Earth Magic    | |  0.5
Poison Magic   | |  0.5
Evocations     | |  0.8

Action                   || total
-------------------------++-------
Melee: Trident           ||    95
       Bite              ||     8
  Use: Potion            ||     1
Armor: Scale mail        ||    28
Dodge: Dodged            ||    27
Block: Buckler           ||    13

Levels and vault maps discovered:
D:1:      sevenhm_arrival_forest_fort_large_1, layout_loops_ring
D:2:      layout_loops_cross, basic_ecumenical_altar, st_stairs_4,
          chequers_avenue, minmay_distorted, uniq_robin, uniq_crazy_yiuf_cottage

Notes
Turn   | Place    | Note
-------+----------+-------------------------------------------
     0 | D:1      | xzight the Gnoll Fighter began the quest for the Orb.
     0 | D:1      | Reached XP level 1. HP: 23/23 MP: 1/1
   296 | D:1      | Reached XP level 2. HP: 29/29 MP: 2/2
   916 | D:2      | Reached XP level 3. HP: 35/35 MP: 3/3
   934 | D:2      | Noticed Robin
   960 | D:2      | Reached skill level 1 in Invocations
   963 | D:2      | HP: 1/35 [constriction (3)]
   972 | D:2      | HP: 2/35 [Robin/+0 club (5)]
   972 | D:2      | Constricted to death by Robin

Vanquished Creatures
  A ball python (D:1)
  3 endoplasms (D:1)
  9 goblins
  4 hobgoblins
  3 kobolds
  2 quokkas (D:1)
  5 bats
  2 frilled lizards (D:1)
  4 rats (D:1)
33 creatures vanquished.

Table legend: (Time is in decaauts)
 A = Elapsed time spent in this place.
 B = Non-inter-level travel time spent in this place.
 C = Inter-level travel time spent in this place.
 D = Time resting spent in this place.
 E = Time spent auto-exploring this place.
 F = Levels seen in this place.
 G = Mean time per level.
                   A        B        C        D        E       F      G
               +--------+--------+--------+--------+--------+-----+--------+
         Total |    984 |    942 |     42 |      0 |    757 |   2 |  492.0 |
       Dungeon |    984 |    942 |     42 |      0 |    757 |   2 |  492.0 |
               +--------+--------+--------+--------+--------+-----+--------+

Top non-repeatable levels by time:
     D:1: 921 daAuts
     D:2: 63 daAuts

Table legend:
 A = Non-vault XP
 B = Vault XP
 C = Vault XP percentage of total XP
 D = Non-vault monster count
 E = Vault monster count
 F = Vault count percentage of total count
                 A         B        C        D         E       F
            +---------+---------+-------+---------+---------+-------
      Total |      31 |      22 |  41.5 |      19 |      14 |  42.4
            +---------+---------+-------+---------+---------+-------
        D:1 |      30 |       3 |   9.1 |      18 |       3 |  14.3
        D:2 |       1 |      19 |  95.0 |       1 |      11 |  91.7
            +---------+---------+-------+---------+---------+-------
